 Dungeon Crawl Stone Soup version 0.24.1-14-gf8d2b509d9 (webtiles) character file.

Game seed: 9016027445529980039, levelgen mode: deterministic

176 lepoulpe303 the Bolt Thrower (level 5, 0/31 HPs)
             Began as a Kobold Arcane Marksman on May 27, 2020.
             Slain by an adder (3 damage)
             ... on level 3 of the Dungeon.
             The game lasted 00:10:14 (2777 turns).

lepoulpe303 the Bolt Thrower (KoAM)                 Turns: 2777, Time: 00:10:14

Health: 0/31       AC:  2    Str:  8    XL:     5   Next: 86%
Magic:  8/8        EV: 16    Int: 15    God:
Gold:   82         SH:  0    Dex: 15    Spells: 2/8 levels left

rFire    . . .     SeeInvis .   b - +0 hand crossbow
rCold    . . .     Gourm    .   (shield restricted)
rNeg     . . .     Faith    .   f - +0 robe
rPois    .         Spirit   .   (no helmet)
rElec    .         Reflect  .   (no cloak)
rCorr    .         Harm     .   (no gloves)
MR       +....                  (no boots)
Stlth    +.........             (no amulet)
HPRegen  0.10/turn              m - ring of protection from magic
MPRegen  0.11/turn              (no ring)

@: lethally poisoned (0 -> -15)
A: small, carnivore
a: no special abilities


You were on level 3 of the Dungeon.
You were completely stuffed.

You visited 1 branch of the dungeon, and saw 3 of its levels.

You collected 82 gold pieces.

Inventory:

Hand Weapons
 a - a +0 dagger of protection
 b - a +0 hand crossbow (weapon)
Missiles
 n - 11 poisoned darts
 Q - a bolt (quivered)
Armour
 f - a +0 robe (worn)
Jewellery
 m - a ring of protection from magic (left hand)
Scrolls
 i - a scroll of identify
 j - 2 scrolls of enchant weapon {unknown}
 k - a scroll of remove curse {unknown}
Potions
 c - a potion of mutation {unknown}
 d - a potion of resistance {unknown}
 g - 2 potions of haste {unknown}
 h - 2 potions of brilliance {unknown}
 o - a potion of magic {unknown}
Comestibles
 e - 6 rations
 l - a chunk of flesh


   Skills:
 + Level 2.3 Fighting
 * Level 4.3 Crossbows
 + Level 3.4 Dodging
 + Level 2.3 Spellcasting
 + Level 3.7 Hexes


You had 2 spell levels left.
You knew the following spells:

 Your Spells              Type           Power        Failure   Level  Hunger
a - Inner Flame           Hex/Fire       #.......     30%         3    ###....
s - Slow                  Hex            ##......     7%          2    ###....
v - Corona                Hex            ##.....      4%          1    #......

Your spell library contained the following spells:

 Spells                   Type           Power        Failure   Level  Hunger
 Summon Butterflies       Summ           #.......     22%         1    #......
 Portal Projectile        Hex/Tloc       #.....       30%         3    ###....
 Cause Fear               Hex            ##........   43%         4    #####..
 Call Canine Familiar     Summ           #.......     54%         3    ###....
 Leda's Liquefaction      Hex/Erth       #.........   69%         4    #####..
 Summon Ice Beast         Ice/Summ       #.......     91%         4    #####..
 Summon Mana Viper        Hex/Summ       #.......     95%         5    ######.
 Summon Hydra             Summ           #.........   100%        7    #######


Dungeon Overview and Level Annotations

Branches:
Dungeon (3/15)

Altars:
Gozag


Innate Abilities, Weirdness & Mutations

You are small and have problems with some larger weapons.
You are carnivorous and can eat meat at any time.


Message History

* * * LOW HITPOINT WARNING * * *
You are lethally poisoned!
The adder poisons you! The adder bites you.
* * * LOW HITPOINT WARNING * * *
You take 8 damage, and have 10/31 hp.
MASSIVE DAMAGE!!
Firing (i - inventory)
Q - 3 bolts (quivered)
Aim: an adder You shoot a bolt.
The bolt barely misses the adder.
* * * LOW HITPOINT WARNING * * *
You feel sick. The adder closely misses you.
You take 1 damage, and have 9/31 hp.
Firing (i - inventory)
Q - 2 bolts (quivered)
Aim: an adder You shoot a bolt.
The bolt barely misses the adder.
* * * LOW HITPOINT WARNING * * *
You feel sick. The adder bites you.
* * * LOW HITPOINT WARNING * * *
The adder bites you.
You die...

# .#. .(.
#(# # #(# #.
#(# #.# #S##
..# ##@# #.#
##.##
#^###.## #.#
#.#.## #.#
####.## #.#
#....# # #.#
##....# .#
#.#
#.....####.#
#.#
#.(...##...#


You could see an adder.

Levels and vault maps discovered:
D:1:      evilmike_arrival_run_for_it, layout_loops_cross,
          hangedman_decor_clover_reticule
D:2:      cheibrodos_helix_gallery, layout_basic, serial_bayou_pond_d,
          kennysheep_cross_room
D:3:      layout_loops_cross, lemuel_crystal_altar, first_ration

Notes
Turn   | Place    | Note
-------+----------+-------------------------------------------
     0 | D:1      | lepoulpe303 the Kobold Arcane Marksman began the quest for
                  | the Orb.
     0 | D:1      | Reached XP level 1. HP: 12/12 MP: 2/2
    47 | D:1      | Identified a +0 club
    65 | D:1      | Identified a +0 club
    66 | D:1      | Reached XP level 2. HP: 15/16 MP: 3/3
    70 | D:1      | Learned a level 2 spell: Slow
    94 | D:1      | Identified a +0 whip
   112 | D:1      | HP: 3/16 [gnoll/+0 whip (7)]
   126 | D:1      | Reached skill level 3 in Crossbows
   422 | D:1      | Reached XP level 3. HP: 20/20 MP: 5/5
   426 | D:1      | Identified a +0 short sword
   475 | D:1      | Identified a +0 club
   508 | D:1      | Identified a +0 dagger
   521 | D:1      | Identified a +0 club
   753 | D:1      | Identified a +0 dagger
  1134 | D:2      | Reached skill level 3 in Dodging
  1134 | D:2      | Reached XP level 4. HP: 26/26 MP: 6/6
  1147 | D:2      | Learned a level 3 spell: Inner Flame
  1253 | D:2      | HP: 6/26 [poisoned by an adder]
  1647 | D:2      | Identified a +0 dagger
  1673 | D:2      | Identified a +0 club
  1674 | D:2      | Identified a +0 club
  1682 | D:2      | Reached skill level 2 in Spellcasting
  1809 | D:2      | Identified 3 scrolls of identify
  1809 | D:2      | Identified a +0 dagger of protection (You found it on level
                  | 2 of the Dungeon)
  1810 | D:2      | Identified a ring of protection from magic (You found it on
                  | level 2 of the Dungeon)
  1885 | D:2      | Identified a +0 hand crossbow
  1944 | D:2      | Reached skill level 2 in Fighting
  1944 | D:2      | Reached XP level 5. HP: 22/30 MP: 8/8
  1952 | D:2      | Reached skill level 4 in Crossbows
  2235 | D:3      | Found an opulent altar of Gozag.
  2235 | D:3      | Identified a +0 ring mail
  2235 | D:3      | Identified a +0 dagger
  2235 | D:3      | Identified a +0 robe
  2237 | D:3      | Identified a +0 short sword
  2239 | D:3      | Identified a +0 dagger
  2241 | D:3      | Identified a +0 hand axe
  2241 | D:3      | Identified a +0 ring mail
  2474 | D:3      | Identified a +0 whip
  2762 | D:3      | Identified a cursed -2 club
  2777 | D:3      | HP: 7/31 [poisoned by an adder]
  2777 | D:3      | HP: 3/31 [adder (4)]
  2777 | D:3      | Slain by an adder

Table legend:
 A = Turns spent in this place as a percentage of turns spent in the entire game.
 B = Non-inter-level travel turns spent in this place as a percentage of non-inter-level travel turns spent in the entire game.
 C = Inter-level travel turns spent in this place as a percentage of turns spent in this place.
 D = Turns resting spent in this place as a percentage of non-inter-level travel turns spent in this place.
 E = Turns spent auto-exploring this place as a percentage of non-inter-level travel turns spent in this place.
 F = Non-inter-level travel turns spent in this place divided by the number of levels of this place that you've seen.
                   A       B       C       D       E      F
               +-------+-------+-------+-------+-------+----------------------
         Total | 100.0 | 100.0 |   2.2 |  32.6 |  49.7 | 905.3
       Dungeon | 100.0 | 100.0 |   2.2 |  32.6 |  49.7 | 905.3
               +-------+-------+-------+-------+-------+----------------------

Table legend:
 A = Kills in this place as a percentage of kills in entire the game.
 B = Kills by you in this place as a percentage of kills by you in the entire game.
 C = Kills by friends in this place as a percentage of kills by friends in the entire game.
 D = Other kills in this place as a percentage of other kills in the entire game.
 E = Experience gained in this place as a percentage of experience gained in the entire game.
 F = Experience gained in this place divided by the number of levels of this place that you have seen.
                   A       B       C       D       E      F
               +-------+-------+-------+-------+-------+----------------------
         Total | 100.0 | 100.0 |   N/A |   N/A | 100.0 |  84.0
       Dungeon | 100.0 | 100.0 |   N/A |   N/A | 100.0 |  84.0
               +-------+-------+-------+-------+-------+----------------------

Skill      XL: |  1  2  3  4  5 |
---------------+----------------+-----
Crossbows      | 3 4 |  4.3
Dodging        | 3 |  3.4
Spellcasting   | 2 |  2.3
Fighting       | 2 |  2.3
Hexes          | |  3.7

Action                   |  1- 3 |  4- 6 || total
-------------------------+-------+-------++-------
Melee: Dagger            |       |   126 ||   126
 Fire: Hand crossbow     |    71 |    53 ||   124
Throw: Dart              |       |    18 ||    18
 Cast: Slow              |     2 |     1 ||     3
       Corona            |     1 |     3 ||     4
  Use: Scroll            |       |     2 ||     2
  Eat: Chunk             |     9 |     6 ||    15
Armor: Robe              |     7 |    43 ||    50
Dodge: Dodged            |    27 |   128 ||   155

Vanquished Creatures
  An orc wizard (D:3)
  A bullfrog skeleton (D:2)
  A gnoll (D:1)
  4 adders (D:2)
  2 worms
  2 dart slugs
  A leopard gecko (D:2)
  3 orcs (D:2)
  6 giant cockroaches
  6 goblins
  5 hobgoblins
  6 jackals
  2 quokkas (D:2)
  A ball python (D:3)
  8 bats
  A frilled lizard (D:2)
  5 kobolds
  5 rats
60 creatures vanquished.
